 Dungeon Crawl Stone Soup version 0.21.0 (webtiles) character file.

10 YTcomUltraviolent4 the Covered (level 2, 0/27 HPs)
             Began as a Deep Dwarf Fighter on Jan 18, 2018.
             Slain by Sigmund
             ... wielding a +0 scythe
              (2 damage)
             ... on level 3 of the Dungeon.
             The game lasted 00:00:22 (145 turns).

YTcomUltraviolent4 the Covered (Deep Dwarf Fighter)  Turns: 145, Time: 00:00:23

Health: 0/27       AC:  6    Str: 24    XL:     2   Next: 10%
Magic:  2/2        EV:  7    Int:  8    God:
Gold:   12         SH:  9    Dex: 12    Spells: 1/1 levels left

rFire    . . .     SeeInvis .   a - +0 war axe
rCold    . . .     Gourm    .   c - +0 shield
rNeg     . . .     Faith    .   b - +0 scale mail
rPois    .         Spirit   .   (no helmet)
rElec    .         Reflect  .   (no cloak)
rCorr    .         Harm     .   (no gloves)
MR       .....                  (no boots)
Stlth    ..........             (no amulet)
HPRegen  0.00/turn              (no ring)
MPRegen  0.08/turn              (no ring)

@: mighty, non-regenerating
A: damage resistance, heal wounds, sense surroundings 1, no regeneration
a: Heal Wounds


You were on level 3 of the Dungeon.
You were not hungry.

You visited 1 branch of the dungeon, and saw 3 of its levels.

You collected 12 gold pieces.

Inventory:

Hand Weapons
 a - a +0 war axe (weapon)
Armour
 b - a +0 scale mail (worn)
 c - a +0 shield (worn)
Scrolls
 f - a scroll of fog {unknown}
 g - a scroll of remove curse {unknown}
Comestibles
 e - a ration


   Skills:
 + Level 2.8 Fighting
 * Level 2.6 Axes
 + Level 3.4 Armour
 + Level 3.4 Shields


You had one spell level left.
You didn't know any spells.

Dungeon Overview and Level Annotations

Branches:
Dungeon (3/15)

Altars:

Annotations:
D:3 Sigmund


Innate Abilities, Weirdness & Mutations

You are resistant to damage.
You can heal yourself by infusing magical energy.
You passively map a small area around you.
You do not regenerate.


Message History

An adder is nearby!
An adder is nearby!
Your scale mail prevents you from hitting the adder.
The adder bites you but does no damage. x2
You miss the adder. The adder bites you but does no damage.
The adder barely misses you.
You hit the adder.
You kill the adder!
You have reached level 2!
(D) Dungeon
Where to? (Enter - D:3, ? - help)
There is a stone staircase leading down here.
You climb downwards.
Sigmund the Dreaded comes into view.
He is wielding a scythe.
Sigmund shouts!
Found a scroll labeled XYLIRPHICAR.
There is a stone staircase leading up here.
Found 5 bolts.
Sigmund points at you and mumbles some strange words.
You are confused.
Sigmund is nearby!
Sigmund is nearby!
Sigmund is nearby!
You feel very mighty all of a sudden.
Sigmund casts a spell.
Sigmund flickers and vanishes!
Deactivating autopickup; reactivate with Ctrl-A.
You are more confused.
You're too confused!
A magic dart appears from out of thin air!
The magic dart hits you!
Unknown command.
You are no longer poisoned.
Something hits you.
You're too confused!
You're too confused to move!
Something hits you!
Unknown command.
Something hits you!
You closely miss something. Something hits you.
* * * LOW HITPOINT WARNING * * *
You feel less confused. Something hits you but does no damage.
You fail to use your ability.
You block something's attack.
You fail to use your ability.
You fail to use your ability.
Something hits you but does no damage.
You fail to use your ability.
Something hits you.
You die...

. #.####.#.### ,
..#....#..... . *
,...#.......###.#
................. ,
* #....<....... **
,,#......###.##.
#............., ,
#.#.......### , ,
**.####....@.#......
, ,
........{..#?##### ,
.#####..#..#,# ,
#.....# * , ...#####
* *, * ..#. , ,
...#. , * , .. #. ,
, , * , ... .. , ,


There were no monsters in sight!

Vanquished Creatures
  An adder (D:2)
  2 rats
3 creatures vanquished.

Notes
Turn   | Place    | Note
-------+----------+-------------------------------------------
     0 | D:1      | YTcomUltraviolent4 the Deep Dwarf Fighter began the quest for the Orb.
     0 | D:1      | Reached XP level 1. HP: 20/20 MP: 1/1
   121 | D:2      | Reached XP level 2. HP: 21/27 MP: 2/2
   128 | D:3      | Noticed Sigmund
   145 | D:3      | Slain by Sigmund

Action                   || total
-------------------------++-------
Melee: War axe           ||    27
  Use: Potion            ||     1
Armor: Scale mail        ||    18
Dodge: Dodged            ||     9
Block: Shield            ||    16
